 Dungeon Sprint DCSS version 0.27-a0-808-g60bc5d92e6 (webtiles) character file.

Game seed: 8080025107857605807

35846 mhtbhm the Phalangite (level 13, 0/141 HPs)
             Began as a Minotaur Fighter on Mar 28, 2021.
             Was the Champion of Trog.
             Killed from afar by a deep elf knight (27 damage)
             ... with a shard of ice
             ... in the Dungeon (Sprint VII: "The Pits").
             The game lasted 00:10:24 (4114 turns).

mhtbhm the Phalangite (Minotaur Fighter)            Turns: 4114, Time: 00:10:25

Health: 0/141      AC: 20    Str: 28    XL:     13   Next: 49%
Magic:  4/4        EV: 12    Int:  5    God:    Trog [******]
Gold:   50         SH: 16    Dex: 11    Spells: 12/12 levels left

rFire    . . .     SeeInvis +   a - +1 demon trident (antimagic)
rCold    . . .     Faith    .   c - +0 kite shield
rNeg     . . .     Spirit   .   b - +4 chain mail
rPois    .         Reflect  .   (helmet restricted)
rElec    .         Harm     .   s - +0 cloak
rCorr    .         Rampage  .   (no gloves)
Will     .....     NoTele   +   (no boots)
Stlth    ..........             (no amulet)
HPRegen  0.33/turn              p - +3 ring of strength
MPRegen  0.09/turn              u - ring of see invisible

@: berserk cooldown, slowed, studying Crossbows, very slow
A: horns 2, retaliatory headbutt, blurry vision 1
a: Renounce Religion, Berserk, Trog's Hand, Brothers in Arms


You were in the Dungeon.
You worshipped Trog.
Trog was exalted by your worship.
You visited 1 branch You collected 50 gold pieces.

Inventory:

Hand Weapons
 a - a +1 antimagic demon trident (weapon)
Missiles
 n - a curare-tipped dart (quivered)
 t - 3 throwing nets
Armour
 b - a +4 chain mail (worn)
 c - a +0 kite shield (worn)
 s - a +0 cloak (worn)
Jewellery
 p - a +3 ring of strength (left hand)
 u - a ring of see invisible (right hand)
 z - a ring of fire
 B - a ring of ice
Wands
 l - a wand of paralysis (3)
Scrolls
 j - 3 scrolls of blinking
 m - a scroll of summoning
 v - 4 scrolls of identify
 w - 2 scrolls of fear
 x - 3 scrolls of enchant armour
 y - a scroll of brand weapon
Potions
 d - 2 potions of might
 e - 6 potions of curing
 f - 10 potions of heal wounds
 g - a potion of haste
 h - 4 potions of magic
 i - 3 potions of berserk rage
 k - a potion of invisibility
 q - 4 potions of resistance
 r - 10 potions of mutation
Miscellaneous
 o - a condenser vane
 A - a phial of floods


   Skills:
 + Level 20.6 Fighting
 + Level 21.7 Polearms
 + Level 19.0 Armour
 + Level 8.3 Dodging
 - Level 1.6 Stealth
 + Level 19.7 Shields


You had 12 spell levels left.
You didn't know any spells.
Your spell library was empty.

Dungeon Overview and Level Annotations

Branches:
Dungeon (1/1)

Altars:
Ashenzari
Cheibriados
Dithmenos
Elyvilon
Fedhas
Gozag
Hepliaklqana
Kikubaaqudgha
Makhleb
Nemelex Xobeh
Okawaru
Qazlal
Ru
Sif Muna
Trog
Uskayaw
Vehumet
Wu Jian
Xom
Yredelemnul
Zin
The Shining One
Beogh
Jiyva
Lugonu


Innate Abilities, Weirdness & Mutations

You have a pair of horns on your head.
You reflexively headbutt those who attack you in melee.
Scrolls take you a little longer to read.


Message History

Trog accepts your kill.
The deep elf knight shoots an arrow.
You block the arrow.
The orc knight hits you from afar with a +0 halberd!!
Unknown command.
Unknown command.
Reach: a) +1 demon trident (antimagic)
Press: ? - help, Dir - move target, f - deep elf knight
Aim: a deep elf knight, wielding a +0 shortbow and quivering arrows (lightly wounded, slightly transparent, about 41% to evade your +1 antimagic demon trident)
You reach to attack!
You puncture the deep elf knight!
The deep elf knight's magic leaks into the air.
The deep elf knight is moderately wounded.
The deep elf knight shoots an arrow.
The arrow hits you! You block the orc knight's attack.
Your magical contamination has completely faded away.
Unknown command.
Unknown command.
Reach: a) +1 demon trident (antimagic)
Press: ? - help, Dir - move target, f/p - deep elf knight
Aim: a deep elf knight, wielding a +0 shortbow and quivering arrows (moderately wounded, slightly transparent, about 41% to evade your +1 antimagic demon trident)
You reach to attack!
You closely miss the deep elf knight.
The deep elf knight is moderately wounded.
The deep elf knight shoots an arrow.
The arrow hits you.
The iron dragon breathes metal splinters at you.
The spray of metal splinters hits your cyclops!!!
Your cyclops dies!
Your cyclops's corpse disappears in a puff of smoke!
The spray of metal splinters hits you!!
* * * LOW HITPOINT WARNING * * *
The orc knight hits you from afar with a +0 halberd!
* * * LOW HITPOINT WARNING * * *
Unknown command.
Your iron troll disappears in a puff of smoke!
The deep elf knight shoots an arrow.
The arrow hits you.
* * * LOW HITPOINT WARNING * * *
Things that are here:
a +0 great mace; a +0 plate armour You feel much better.
The deep elf knight gestures at you while chanting.
The shard of ice hits you!!
You die...

...+ #''#
#''##############################
#................................
#.....)..............)....).....)
#).##############')##############
#..# #..)...# # #..# #...)..# #
#..# #.@))).# # #..# ###))### #
#.)# ....oD§)§)..... # #..#
.....o.)e...... # #..#
..####....####. # ...# #....#
...# ##..## #### ####
###############


You could see a deep elf knight (invisible).

Vanquished Creatures
  A Tzitzimitl (D)
  2 ghost moths (D)
  An emperor scorpion (D)
  A deep elf demonologist (D)
  A purple draconian (D)
  2 vault guards (D)
  Harold (D)
  A centaur warrior (D)
  An alligator (D)
  A deep troll shaman (D)
  An orc high priest (D)
  2 hell knights (D)
  Nergalle (D)
  2 sea snakes (D)
  A spriggan druid (D)
  3 deep trolls (D)
  A necromancer (D)
  A phantasmal warrior (D)
  2 orc knights (D)
  A deep elf zephyrmancer (D)
  An orc sorcerer (D)
  2 deep elf pyromancers (D)
  Maurice (D)
  An unseen horror (D)
  A cane toad (D)
  2 komodo dragons (D)
  A yaktaur (D)
  2 ice devils (D)
  A kobold demonologist (D)
  2 merfolk (D)
  2 jumping spiders (D)
  A large abomination (D)
  4 dream sheep (D)
  A spriggan (D)
  2 ynoxinuls (D)
  A flying skull (D)
  4 redbacks (D)
  A shadow (D)
  A wraith (D)
  A hog (shapeshifter) (D)
  A basilisk (D)
  A neqoxec (D)
  A steam dragon (D)
  2 small abominations (D)
  Edmund (D)
  7 vampire mosquitoes (D)
  A warg (D)
  An acid dragon (D)
  3 ice beasts (D)
  A black bear (D)
  A kobold brigand (D)
  A phantom (D)
  An earth elemental (D)
  Blork the orc (D)
  2 scorpions (D)
  3 killer bees (D)
  3 wights (D)
  A quasit (D)
  A hound (D)
  An orc priest (D)
  2 iguanas (D)
  2 orc wizards (D)
  4 gnolls (D)
  An adder (D)
  An ufetubus (D)
  An adder zombie (D)
  4 orcs (D)
  3 hobgoblins (D)
  7 jackals (D)
  A ball python zombie (D)
  3 kobolds (D)
  A quokka zombie (D)
  A rat (D)
124 creatures vanquished.

Vanquished Creatures (collateral kills)
  2 orc warlords (D)
  2 yaktaur captains (D)
  A naga warrior (D)
  A hydra (D)
  2 hell knights (D)
  7 orc knights (D)
  A necromancer (D)
  An orange demon (D)
  A guardian serpent (D)
  2 yaktaurs (D)
  2 ice devils (D)
  A polar bear (D)
  A shadow (D)
  An air elemental (D)
  A water elemental (D)
  A neqoxec (D)
  A vampire mosquito (D)
  2 wargs (D)
  2 nagas (D)
  3 orc warriors (D)
  A centaur (D)
  A gnoll sergeant (D)
  A hell rat (D)
  A gnoll (D)
39 creatures vanquished.

Grand Total: 163 creatures vanquished

Notes
Turn   | Place    | Note
-------+----------+-------------------------------------------
     0 | D        | mhtbhm the Minotaur Fighter began the quest for the Orb.
     0 | D        | Reached XP level 1. HP: 19/19 MP: 0/0
    18 | D        | Found a bloodstained altar of Trog.
    18 | D        | Found a shimmering blue altar of Sif Muna.
    18 | D        | Found a viscous altar of Jiyva.
    18 | D        | Found a hazy altar of Hepliaklqana.
    18 | D        | Found an opulent altar of Gozag.
    19 | D        | Found a glowing golden altar of the Shining One.
    19 | D        | Found a glowing silver altar of Zin.
    19 | D        | Found a basalt altar of Yredelemnul.
    19 | D        | Found a shimmering altar of Xom.
    19 | D        | Found an ornate altar of the Wu Jian Council.
    19 | D        | Found a sacrificial altar of Ru.
    19 | D        | Found a stormy altar of Qazlal.
    19 | D        | Found an iron altar of Okawaru.
    19 | D        | Found a sparkling altar of Nemelex Xobeh.
    19 | D        | Found a burning altar of Makhleb.
    19 | D        | Found a blossoming altar of Fedhas.
    19 | D        | Found a white marble altar of Elyvilon.
    19 | D        | Found a shadowy altar of Dithmenos.
    19 | D        | Found a snail-covered altar of Cheibriados.
    56 | D        | Found a radiant altar of Vehumet.
    56 | D        | Found a corrupted altar of Lugonu.
    57 | D        | Found a hide-covered altar of Uskayaw.
    57 | D        | Found an ancient bone altar of Kikubaaqudgha.
    57 | D        | Found a broken altar of Ashenzari.
    82 | D        | Became a worshipper of Trog the Wrathful
    93 | D        | Noticed a scorpion
   100 | D        | Killed a scorpion
   101 | D        | Reached skill level 5 in Fighting
   101 | D        | Reached skill level 3 in Polearms
   101 | D        | Reached skill level 5 in Armour
   101 | D        | Reached skill level 5 in Shields
   101 | D        | Reached XP level 2. HP: 6/30 MP: 1/1
   101 | D        | Reached XP level 3. HP: 7/37 MP: 2/2
   317 | D        | Reached * piety under Trog
   324 | D        | Noticed a scorpion
   327 | D        | Killed a scorpion
   328 | D        | Reached skill level 4 in Polearms
   328 | D        | Reached XP level 4. HP: 47/47 MP: 3/3
   328 | D        | Reached ** piety under Trog
   495 | D        | Noticed Blork the orc
   503 | D        | Reached *** piety under Trog
   504 | D        | Reached skill level 5 in Polearms
   504 | D        | Reached XP level 5. HP: 53/53 MP: 4/4
   505 | D        | Reached skill level 1 in Dodging
   516 | D        | Reached **** piety under Trog
   517 | D        | Reached skill level 6 in Polearms
   520 | D        | Reached XP level 6. HP: 56/63 MP: 5/5
   531 | D        | Killed Blork the orc
   532 | D        | Reached skill level 7 in Polearms
   539 | D        | Reached ***** piety under Trog
   553 | D        | Reached skill level 10 in Fighting
   553 | D        | Reached skill level 8 in Polearms
   554 | D        | Received a gift from Trog
   784 | D        | Killed an unseen horror
   785 | D        | Reached skill level 10 in Polearms
   785 | D        | Reached skill level 10 in Armour
   785 | D        | Reached skill level 10 in Shields
   785 | D        | Reached XP level 7. HP: 57/73 MP: 2/6
   785 | D        | Noticed Edmund
   803 | D        | Reached XP level 8. HP: 78/82 MP: 2/7
   805 | D        | Killed Edmund
   806 | D        | Reached skill level 11 in Polearms
   933 | D        | Noticed a jumping spider
   937 | D        | Killed a jumping spider
   939 | D        | Received a gift from Trog
   939 | D        | Reached ****** piety under Trog
   945 | D        | Reached skill level 12 in Polearms
  1062 | D        | Noticed a kobold demonologist
  1064 | D        | Noticed a soul eater
  1079 | D        | Killed a kobold demonologist
  1079 | D        | Received a gift from Trog
  1148 | D        | Noticed an orc sorcerer
  1148 | D        | Noticed a dream sheep
  1152 | D        | Noticed a dream sheep
  1153 | D        | Killed an orc sorcerer
  1153 | D        | Noticed a dream sheep
  1154 | D        | Reached skill level 13 in Polearms
  1154 | D        | Reached XP level 9. HP: 60/91 MP: 2/8
  1168 | D        | Reached skill level 14 in Polearms
  1173 | D        | Noticed an ice devil
  1179 | D        | Killed an ice devil
  1179 | D        | Received a gift from Trog
  1278 | D        | Noticed a deep elf pyromancer
  1281 | D        | Reached skill level 15 in Polearms
  1292 | D        | Killed a deep elf pyromancer
  1292 | D        | Received a gift from Trog
  1293 | D        | Reached skill level 1 in Stealth
  1293 | D        | Reached XP level 10. HP: 101/101 MP: 3/9
  1326 | D        | Noticed Harold
  1338 | D        | Killed a ghost moth
  1339 | D        | Reached skill level 16 in Polearms
  1342 | D        | Killed Harold
  1374 | D        | Noticed a phantasmal warrior
  1390 | D        | Killed a phantasmal warrior
  1391 | D        | Reached skill level 17 in Polearms
  1478 | D        | Received a gift from Trog
  1643 | D        | Reached skill level 15 in Fighting
  1698 | D        | Noticed an orc knight
  1698 | D        | Noticed a sea snake
  1698 | D        | Noticed a cane toad
  1699 | D        | Noticed a sea snake
  1714 | D        | Killed a sea snake
  1715 | D        | Reached XP level 11. HP: 100/113 MP: 3/10
  1720 | D        | Killed a sea snake
  1721 | D        | Reached skill level 18 in Polearms
  1729 | D        | Identified the +6 dagger of Earthquakes {flame, rPois rF+
                  | Will+ Int-4} (Trog gifted it to you in the Dungeon)
  1729 | D        | Received a gift from Trog
  1745 | D        | Killed an orc knight
  1753 | D        | Gained mutation: Scrolls take you a little longer to read.
                  | [a neqoxec]
  1754 | D        | Received a gift from Trog
  2236 | D        | Identified the +7 scimitar "Jeshrily" {flame, Str+2 Dex+4}
                  | (Trog gifted it to you in the Dungeon)
  2236 | D        | Received a gift from Trog
  2237 | D        | Reached skill level 5 in Dodging
  2252 | D        | Reached skill level 15 in Shields
  2298 | D        | Noticed Maurice
  2298 | D        | Noticed a deep elf zephyrmancer
  2307 | D        | Killed Maurice
  2320 | D        | Killed a deep elf zephyrmancer
  2321 | D        | Reached skill level 15 in Armour
  2622 | D        | Upgraded the game from 0.27-a0-797-g27d10ad80f to
                  | 0.27-a0-808-g60bc5d92e6
  2626 | D        | Noticed a ghost moth
  2646 | D        | Killed a ghost moth
  2646 | D        | Received a gift from Trog
  2729 | D        | Noticed a deep elf pyromancer
  2746 | D        | Killed a deep elf pyromancer
  2747 | D        | Reached skill level 19 in Polearms
  2769 | D        | Noticed a spriggan druid
  2775 | D        | Killed a spriggan druid
  2779 | D        | Received a gift from Trog
  2843 | D        | Noticed a Tzitzimitl
  2856 | D        | Killed a Tzitzimitl
  2857 | D        | Reached XP level 12. HP: 54/126 MP: 3/11
  3218 | D        | Noticed an emperor scorpion
  3218 | D        | Noticed a vault guard
  3218 | D        | Noticed a purple draconian
  3218 | D        | Noticed a deep troll shaman
  3231 | D        | Killed an emperor scorpion
  3234 | D        | Killed a deep troll shaman
  3244 | D        | Killed a vault guard
  3247 | D        | Received a gift from Trog
  3263 | D        | Killed a purple draconian
  3264 | D        | Reached skill level 20 in Polearms
  3614 | D        | Noticed a centaur warrior
  3618 | D        | Noticed Nergalle
  3620 | D        | Killed a centaur warrior
  3625 | D        | Received a gift from Trog
  3628 | D        | Noticed an orc high priest
  3639 | D        | Killed an orc high priest
  3648 | D        | Killed Nergalle
  3657 | D        | Received a gift from Trog
  3664 | D        | Noticed a deep elf demonologist
  3669 | D        | Noticed a blizzard demon
  3673 | D        | Received a gift from Trog
  3677 | D        | Killed a deep elf demonologist
  3678 | D        | Reached XP level 13. HP: 94/138 MP: 4/12
  3679 | D        | Received a gift from Trog
  3974 | D        | Reached skill level 21 in Polearms
  4067 | D        | Noticed an orc warlord
  4067 | D        | Noticed an orc warlord
  4070 | D        | Received a gift from Trog
  4086 | D        | Killed an orc warlord
  4087 | D        | Killed an orc warlord
  4093 | D        | Received a gift from Trog
  4103 | D        | Noticed an iron dragon
  4107 | D        | Received a gift from Trog
  4114 | D        | Killed from afar by a deep elf knight

Illustrated notes

Levels and vault maps discovered:
D:        pitsprint [storerooms_1, entrance_room_1, metal_vault_1, armoury_1,
          mini_pit_1, grid_room_1, main_hall_1, silver_pit, the_coven_3,
          the_vestibule_1, steel_vault_2, golden_pit, hallway_of_sentries,
          crystal_vault_4, iron_vault_3, final_vault]

Skill      XL: |  1  2  3  4  5  6  7  8  9 10 11 12 13 |
---------------+----------------------------------------+-----
Fighting       | 5 7 9 10 11 12 13 15 17 19 20 | 20.6
Armour         | 5 6 7 8 10 11 12 13 16 18 19 | 19.0
Shields        | 5 6 7 8 10 11 12 14 16 18 19 | 19.7
Polearms       | 3 4 5 6 10 13 15 17 19 20 21 | 21.7
Dodging        | 1 3 4 6 7 8 |  8.3
Stealth        | 1 |  1.6

Action                   |  1- 3 |  4- 6 |  7- 9 | 10-12 | 13-15 || total
-------------------------+-------+-------+-------+-------+-------++-------
Melee: Trident           |    12 |    68 |       |       |       ||    80
       Headbutt          |     5 |    15 |    17 |    52 |    15 ||   104
       Demon trident     |       |    10 |    90 |   294 |    61 ||   455
Invok: Berserk           |     1 |     1 |     5 |     9 |     1 ||    17
       Brothers in Arms  |       |       |       |     4 |     3 ||     7
       Trog's Hand       |       |       |       |       |     1 ||     1
  Use: Potion            |     1 |     2 |     1 |     3 |     2 ||     9
 Stab: Invisible         |       |       |       |       |     8 ||     8
Armor: Scale mail        |     3 |     5 |       |       |       ||     8
       Chain mail        |       |    35 |    22 |    42 |    14 ||   113
Dodge: Dodged            |     1 |    15 |    12 |    41 |    21 ||    90
Block: Kite shield       |     5 |    44 |    17 |   124 |    40 ||   230

Table legend: (Time is in decaauts)
 A = Elapsed time spent in this place.
 B = Non-inter-level travel time spent in this place.
 C = Inter-level travel time spent in this place.
 D = Time resting spent in this place.
 E = Time spent auto-exploring this place.
 F = Levels seen in this place.
 G = Mean time per level.
                   A        B        C        D        E       F      G
               +--------+--------+--------+--------+--------+-----+--------+
         Total |   4091 |   4091 |      0 |   2094 |    660 |   1 | 4091.0 |
       Dungeon |   4091 |   4091 |      0 |   2094 |    660 |   1 | 4091.0 |
               +--------+--------+--------+--------+--------+-----+--------+

Top non-repeatable levels by time:
       D: 4091 daAuts
